| TOP OF THE 1ST |
|
Durham Bulls batting - Pitching for Buffalo Bisons : RHP Bobby Wright
|
|
Pitching: RHP Bobby Wright
|
|
|
Batting: LHB Angel Ruvalcaba
|
0-0: Called Strike 0-1: Ball 1-1: Foul Ball, location: 2F 1-2: Ball 2-2: Strikes out swinging
|
|
Batting: LHB Robin More
|
0-0: Ball 1-0: Foul Ball, location: 2F 1-1: Fly out, F8 (Line Drive, 8LD, EV 86.9 MPH)
|
|
Batting: SHB Ben Pierce
|
0-0: Ball 1-0: Fly out, F6 (Popup, 6D, EV 48.1 MPH)
|
| Top of the 1st over - 0 runs, 0 hits, 0 errors, 0 left on base; Durham 0 - Buffalo 0 |
| BOTTOM OF THE 1ST |
|
Buffalo Bisons batting - Pitching for Durham Bulls : LHP T.J. Epley
|
|
Pitching: LHP T.J. Epley
|
|
|
Batting: SHB Phuck
|
0-0: Ball 1-0: Ball 2-0: Ball 3-0: Base on Balls
|
|
Batting: RHB Alex Ramos
|
0-0: Ball 1-0: Called Strike 1-1: Ball 2-1: Called Strike 2-2: Strikes out swinging
|
|
Batting: LHB Josh Stuck
|
0-0: Ball 1-0: Fly out, F9 (Flyball, 9LD, EV 99.4 MPH) Runner from 1st tags up, SAFE at 2nd
|
|
Batting: RHB Tony Rosas
|
0-0: Called Strike 0-1: Ball 1-1: Foul Ball, location: 2F 1-2: SINGLE (Line Drive, 9LS, EV 93.8 MPH) Phuck to third Runner from 3rd tries for Home, throw by RF and OUT! 9-2
|
| Bottom of the 1st over - 0 runs, 1 hit, 0 errors, 1 left on base; Durham 0 - Buffalo 0 |
| TOP OF THE 2ND |
|
Durham Bulls batting - Pitching for Buffalo Bisons : RHP Bobby Wright
|
|
Batting: RHB Danny Diaz
|
0-0: Ball 1-0: Swinging Strike 1-1: Ball 2-1: Called Strike 2-2: Ball 3-2: Foul Ball, location: 2F 3-2: Ground out U3 (Groundball, 13, EV 80.6 MPH)
|
|
Batting: SHB Soudai Abe
|
0-0: SOLO HOME RUN (Flyball, 89XD, EV 96.9 MPH), Distance : 390 ft
|
|
Batting: LHB Danny Hull
|
0-0: Called Strike 0-1: Ground out 6-3 (Groundball, 6M, EV 96.2 MPH)
|
|
Batting: RHB Kevin Kush
|
0-0: Ball 1-0: Called Strike 1-1: Foul Ball, location: 2F 1-2: Ground out 6-3 (Groundball, 6, EV 77.5 MPH)
|
| Top of the 2nd over - 1 run, 1 hit, 0 errors, 0 left on base; Durham 1 - Buffalo 0 |
| BOTTOM OF THE 2ND |
|
Buffalo Bisons batting - Pitching for Durham Bulls : LHP T.J. Epley
|
|
Batting: RHB Greg Herzig
|
0-0: Called Strike 0-1: Ball 1-1: Swinging Strike 1-2: Foul Ball, location: 2F 1-2: Ball 2-2: Foul Ball, location: 2F 2-2: Foul Ball, location: 2F 2-2: Ground out 6-3 (Groundball, 6S, EV 83.1 MPH)
|
|
Batting: RHB Danny Heyer
|
0-0: Swinging Strike 0-1: Ground out 6-3 (Groundball, 6, EV 87.5 MPH)
|
|
Batting: LHB Yoshinari Nara
|
0-0: Foul Ball, location: 2F 0-1: Ball 1-1: Ball 2-1: Swinging Strike 2-2: Fly out, F6 (Popup, 6, EV 61.9 MPH)
|
| Bottom of the 2nd over - 0 runs, 0 hits, 0 errors, 0 left on base; Durham 1 - Buffalo 0 |
| TOP OF THE 3RD |
|
Durham Bulls batting - Pitching for Buffalo Bisons : RHP Bobby Wright
|
|
Batting: LHB Jeremy Burton
|
0-0: Fly out, F8 (Flyball, 8LD, EV 91.2 MPH)
|
|
Batting: RHB Jose Herrera
|
0-0: Foul Ball, location: 2F 0-1: SINGLE (Groundball, 25, EV 65.6 MPH) (infield hit)
|
|
Batting: LHB Angel Ruvalcaba
|
0-0: Fielders Choice at 2nd, 4-6 (Groundball, 4, EV 86.2 MPH)
|
|
Batting: LHB Robin More
|
0-0: Ball Angel Ruvalcaba steals 2nd base 1-0: SINGLE (Flyball, 5D, EV 83.1 MPH) Angel Ruvalcaba to third Runner from 3rd tries for Home, SAFE, throw by LF to home
|
|
Batting: SHB Ben Pierce
|
0-0: Ball 1-0: Foul Ball, location: 2F 1-1: Fly out, F8 (Flyball, 78S, EV 83.8 MPH)
|
| Top of the 3rd over - 1 run, 2 hits, 0 errors, 1 left on base; Durham 2 - Buffalo 0 |
| BOTTOM OF THE 3RD |
|
Buffalo Bisons batting - Pitching for Durham Bulls : LHP T.J. Epley
|
|
Batting: LHB Tso-lin Fen
|
0-0: Ball 1-0: SINGLE (Line Drive, 8LS, EV 98.1 MPH)
|
|
Batting: RHB John Loving
|
0-0: Ball 1-0: Ball 2-0: Ball 3-0: Base on Balls Tso-lin Fen to second
|
|
Batting: SHB Phuck
|
0-0: Ball 1-0: Called Strike 1-1: Ball 2-1: Ball 3-1: Base on Balls Tso-lin Fen to third John Loving to second
|
|
Pitching: RHP Don Henley
|
|
|
Batting: RHB Alex Ramos
|
0-0: SINGLE (Flyball, 89S, EV 91.9 MPH) Tso-lin Fen scores John Loving to third Phuck to second Runner from 3rd tries for Home, SAFE, throw by RF to home
|
|
Batting: LHB Josh Stuck
|
0-0: Ball 1-0: Ball 2-0: Swinging Strike 2-1: Swinging Strike 2-2: Strikes out swinging
|
|
Batting: RHB Tony Rosas
|
0-0: Called Strike Phuck steals 3rd base 0-1: Ball 1-1: SINGLE (Groundball, 4M, EV 90.0 MPH) (infield hit) Phuck scores Alex Ramos to second
|
|
Pinch Runner at 1st Fraco Munoz:
|
|
|
Batting: RHB Greg Herzig
|
0-0: Ball 1-0: Ball 2-0: Called Strike 2-1: Ball 3-1: Swinging Strike 3-2: Grounds into double play, 4-6-3 (Groundball, 34, EV 102.5 MPH)
|
| Bottom of the 3rd over - 3 runs, 3 hits, 0 errors, 1 left on base; Durham 2 - Buffalo 3 |
| TOP OF THE 4TH |
|
Durham Bulls batting - Pitching for Buffalo Bisons : RHP Bobby Wright
|
|
Batting: RHB Danny Diaz
|
0-0: Called Strike 0-1: Ball 1-1: Foul Ball, location: 2F 1-2: Ball 2-2: SINGLE (Line Drive, 3D, EV 98.1 MPH)
|
|
Batting: SHB Soudai Abe
|
0-0: Ball 1-0: Called Strike 1-1: Foul Ball, location: 2F 1-2: Strikes out swinging Danny Diaz steals 2nd base Batter strikes out.
|
|
Batting: LHB Danny Hull
|
0-0: Ball 1-0: Foul Ball, location: 2F 1-1: Ball 2-1: Ball 3-1: Base on Balls
|
|
Batting: RHB Kevin Kush
|
0-0: Ball 1-0: Ball 2-0: Called Strike 2-1: Swinging Strike 2-2: Ball 3-2: Foul Ball, location: 2F 3-2: Fly out, F8 (Flyball, 8RS, EV 76.2 MPH)
|
|
Batting: LHB Jeremy Burton
|
0-0: Ball 1-0: Foul Ball, location: 2F 1-1: SINGLE (Groundball, 56D, EV 101.9 MPH) Danny Diaz to third Danny Hull to second Runner from 3rd tries for Home, SAFE, throw by LF to home Danny Hull to third Jeremy Burton to second
|
|
Batting: RHB Jose Herrera
|
0-0: Ball 1-0: Called Strike 1-1: Ball 2-1: Ground out 6-3 (Groundball, 6, EV 98.1 MPH)
|
| Top of the 4th over - 1 run, 2 hits, 0 errors, 2 left on base; Durham 3 - Buffalo 3 |
| BOTTOM OF THE 4TH |
|
Buffalo Bisons batting - Pitching for Durham Bulls : RHP Don Henley
|
|
Batting: RHB Danny Heyer
|
0-0: Swinging Strike 0-1: Swinging Strike 0-2: Ball 1-2: Ball 2-2: Strikes out swinging
|
|
Batting: LHB Yoshinari Nara
|
0-0: Ball 1-0: Called Strike 1-1: Ball 2-1: Fly out, F9 (Flyball, 9S, EV 82.5 MPH)
|
|
Batting: LHB Tso-lin Fen
|
0-0: Ground out 6-3 (Groundball, 6, EV 88.8 MPH)
|
| Bottom of the 4th over - 0 runs, 0 hits, 0 errors, 0 left on base; Durham 3 - Buffalo 3 |
| TOP OF THE 5TH |
|
Durham Bulls batting - Pitching for Buffalo Bisons : RHP Bobby Wright
|
|
Batting: LHB Angel Ruvalcaba
|
0-0: Ball 1-0: SINGLE (Groundball, 34D, EV 96.2 MPH)
|
|
Batting: LHB Robin More
|
0-0: Called Strike 0-1: Fielders Choice at 2nd, 4-6 (Groundball, 4, EV 86.9 MPH)
|
|
Batting: SHB Ben Pierce
|
0-0: Ball 1-0: Ball 2-0: Swinging Strike 2-1: Ball 3-1: Foul Ball, location: 2F 3-2: Ground out U3 (Groundball, 34S, EV 70.6 MPH) Robin More to second
|
|
Batting: RHB Danny Diaz
|
0-0: Ball 1-0: Ball 2-0: Called Strike 2-1: Called Strike 2-2: Foul Ball, location: 2F 2-2: Ball 3-2: Base on Balls
|
|
Batting: SHB Soudai Abe
|
0-0: Fielders Choice at 2nd, 6-4 (Groundball, 6, EV 103.8 MPH)
|
| Top of the 5th over - 0 runs, 1 hit, 0 errors, 2 left on base; Durham 3 - Buffalo 3 |
| BOTTOM OF THE 5TH |
|
Buffalo Bisons batting - Pitching for Durham Bulls : RHP Don Henley
|
|
Batting: RHB John Loving
|
0-0: Ball 1-0: Ball 2-0: Called Strike 2-1: Called Strike 2-2: Strikes out swinging
|
|
Batting: SHB Phuck
|
0-0: Foul Ball, location: 2F 0-1: Foul Ball, location: 2F 0-2: Foul Ball, location: 2F 0-2: DOUBLE (Flyball, 78XD, EV 93.1 MPH)
|
|
Batting: RHB Alex Ramos
|
0-0: Ball 1-0: Called Strike 1-1: Foul Ball, location: 2F 1-2: Foul Ball, location: 2F 1-2: Ball 2-2: Foul Ball, location: 2F 2-2: Strikes out swinging
|
|
Batting: LHB Josh Stuck
|
0-0: Ball 1-0: Ball 2-0: Called Strike 2-1: Ball 3-1: Called Strike 3-2: Strikes out swinging
|
| Bottom of the 5th over - 0 runs, 1 hit, 0 errors, 1 left on base; Durham 3 - Buffalo 3 |
| TOP OF THE 6TH |
|
Durham Bulls batting - Pitching for Buffalo Bisons : RHP Bobby Wright
|
|
Batting: LHB Danny Hull
|
0-0: Called Strike 0-1: Ball 1-1: Called Strike 1-2: Strikes out swinging
|
|
Batting: RHB Kevin Kush
|
0-0: Called Strike 0-1: Ground out U3 (Groundball, 3, EV 83.8 MPH)
|
|
Batting: LHB Jeremy Burton
|
0-0: Called Strike 0-1: Swinging Strike 0-2: Ball 1-2: Fly out, F8 (Flyball, 8LD, EV 93.1 MPH)
|
| Top of the 6th over - 0 runs, 0 hits, 0 errors, 0 left on base; Durham 3 - Buffalo 3 |
| BOTTOM OF THE 6TH |
|
Buffalo Bisons batting - Pitching for Durham Bulls : RHP Don Henley
|
|
Batting: RHB Fraco Munoz
|
0-0: Called Strike 0-1: Ball 1-1: Foul Ball, location: 2F 1-2: Ball 2-2: Ground out U3 (Groundball, 34, EV 89.4 MPH)
|
|
Batting: RHB Greg Herzig
|
0-0: Foul Ball, location: 2F 0-1: Ball 1-1: SINGLE (Line Drive, 6MD, EV 101.9 MPH)
|
|
Pitching: RHP Jon Killen
|
|
|
Batting: RHB Danny Heyer
|
0-0: Fly out, F9 (Line Drive, 9, EV 87.5 MPH)
|
|
Batting: LHB Yoshinari Nara
|
0-0: Ball 1-0: Foul Ball, location: 2F 1-1: Called Strike 1-2: Strikes out swinging
|
| Bottom of the 6th over - 0 runs, 1 hit, 0 errors, 1 left on base; Durham 3 - Buffalo 3 |
| TOP OF THE 7TH |
|
Durham Bulls batting - Pitching for Buffalo Bisons : RHP Bobby Wright
|
|
Batting: RHB Jose Herrera
|
0-0: Called Strike 0-1: Ball 1-1: Fly out, F1 (Line Drive, P, EV 67.5 MPH)
|
|
Batting: LHB Angel Ruvalcaba
|
0-0: Ball 1-0: Ball 2-0: Called Strike 2-1: Ground out U3 (Groundball, 3, EV 83.8 MPH)
|
|
Batting: LHB Robin More
|
0-0: Foul Ball, location: 2F 0-1: Swinging Strike 0-2: Ball 1-2: Foul Ball, location: 2F 1-2: Foul Ball, location: 2F 1-2: Ball 2-2: Strikes out looking
|
| Top of the 7th over - 0 runs, 0 hits, 0 errors, 0 left on base; Durham 3 - Buffalo 3 |
| BOTTOM OF THE 7TH |
|
Buffalo Bisons batting - Pitching for Durham Bulls : RHP Jon Killen
|
|
Batting: LHB Tso-lin Fen
|
0-0: Swinging Strike 0-1: Ball 1-1: Ground out 4-3 (Groundball, 4, EV 81.9 MPH)
|
|
Batting: RHB John Loving
|
0-0: Called Strike 0-1: Ball 1-1: Called Strike 1-2: Foul Ball, location: 2F 1-2: Ground out U3 (Groundball, 3S, EV 81.2 MPH)
|
|
Batting: SHB Phuck
|
0-0: Foul Ball, location: 2F 0-1: Foul Ball, location: 2F 0-2: Ball 1-2: Foul Ball, location: 2F 1-2: Foul Ball, location: 2F 1-2: SINGLE (Flyball, 5D, EV 98.8 MPH)
|
|
Batting: RHB Alex Ramos
|
0-0: SINGLE (Line Drive, 89S, EV 91.9 MPH) Phuck to second Runner from 2nd tries for 3rd, OUT! 9-5
|
| Bottom of the 7th over - 0 runs, 2 hits, 0 errors, 1 left on base; Durham 3 - Buffalo 3 |
| TOP OF THE 8TH |
|
Durham Bulls batting - Pitching for Buffalo Bisons : RHP Bobby Wright
|
|
Pitching: RHP Gilberto Dominguez
|
|
|
Batting: SHB Ben Pierce
|
0-0: Swinging Strike 0-1: Foul Ball, location: 2F 0-2: Ball 1-2: Strikes out swinging
|
|
Batting: RHB Danny Diaz
|
0-0: Ball 1-0: Ground out 6-3 (Groundball, 6, EV 76.9 MPH)
|
|
Batting: SHB Soudai Abe
|
0-0: Ground out U3 (Groundball, 34S, EV 81.2 MPH)
|
| Top of the 8th over - 0 runs, 0 hits, 0 errors, 0 left on base; Durham 3 - Buffalo 3 |
| BOTTOM OF THE 8TH |
|
Buffalo Bisons batting - Pitching for Durham Bulls : RHP Jon Killen
|
|
Pitching: LHP Frank Rodriguez
|
|
|
Batting: LHB Josh Stuck
|
0-0: Ball 1-0: Called Strike 1-1: Ground out 4-3 (Groundball, 4, EV 85.6 MPH)
|
|
Batting: RHB Fraco Munoz
|
0-0: Ball 1-0: Swinging Strike 1-1: Foul Ball, location: 2F 1-2: Foul Ball, location: 2F 1-2: Fly out, F9 (Flyball, 9D, EV 105.0 MPH)
|
|
Batting: RHB Greg Herzig
|
0-0: Ball 1-0: SINGLE (Groundball, 56D, EV 107.5 MPH)
|
|
Batting: RHB Danny Heyer
|
0-0: Ball 1-0: Called Strike 1-1: Foul Ball, location: 2F 1-2: Strikes out looking
|
| Bottom of the 8th over - 0 runs, 1 hit, 0 errors, 1 left on base; Durham 3 - Buffalo 3 |
| TOP OF THE 9TH |
|
Durham Bulls batting - Pitching for Buffalo Bisons : RHP Gilberto Dominguez
|
|
Pitching: RHP Junpei Yamazaki
|
|
|
Batting: LHB Danny Hull
|
0-0: Ground out U3 (Groundball, 3, EV 108.8 MPH)
|
|
Pinch Hitting: RHB Eugênio Asceno
|
0-0: Ball 1-0: Ball 2-0: Foul Ball, location: 2F 2-1: SINGLE (Line Drive, 4MD, EV 106.2 MPH)
|
|
Batting: LHB Jeremy Burton
|
0-0: Ball 1-0: Called Strike 1-1: Ball Eugênio Asceno steals 2nd base 2-1: Fly out, F8 (Flyball, 8RD, EV 94.4 MPH) Runner from 2nd tags up, SAFE at 3rd with throw by CF
|
|
Pinch Hitting: LHB Brian Hollinger
|
0-0: Called Strike 0-1: Ball 1-1: Fly out, F9 (Flyball, 9D, EV 105.0 MPH)
|
| Top of the 9th over - 0 runs, 1 hit, 0 errors, 1 left on base; Durham 3 - Buffalo 3 |
| BOTTOM OF THE 9TH |
|
Buffalo Bisons batting - Pitching for Durham Bulls : LHP Frank Rodriguez
|
|
Now at 2B: Eugênio Asceno
|
|
|
Now in LF: Brian Hollinger
|
|
|
Batting: LHB Yoshinari Nara
|
0-0: Foul Ball, location: 2F 0-1: Swinging Strike 0-2: Strikes out swinging
|
|
Batting: LHB Tso-lin Fen
|
0-0: Ball 1-0: Ground out 4-3 (Groundball, 4, EV 84.4 MPH)
|
|
Batting: RHB John Loving
|
0-0: Called Strike 0-1: Ball 1-1: Called Strike 1-2: Strikes out looking
|
| Bottom of the 9th over - 0 runs, 0 hits, 0 errors, 0 left on base; Durham 3 - Buffalo 3 |
| TOP OF THE 10TH |
|
Durham Bulls batting - Pitching for Buffalo Bisons : RHP Junpei Yamazaki
|
|
Batting: LHB Angel Ruvalcaba
|
0-0: Called Strike 0-1: Ball 1-1: Foul Ball, location: 2F 1-2: Ball 2-2: Ball 3-2: Base on Balls
|
|
Batting: LHB Robin More
|
0-0: Ball 1-0: Foul Ball, location: 2F 1-1: Foul Ball, location: 2F 1-2: Ball 2-2: Foul Ball, location: 2F 2-2: Ball 3-2: Fly out, F7 (Flyball, 7, EV 89.4 MPH)
|
|
Batting: SHB Ben Pierce
|
0-0: Called Strike 0-1: SINGLE (Groundball, 34, EV 96.9 MPH) (infield hit) Angel Ruvalcaba to second
|
|
Batting: RHB Danny Diaz
|
0-0: Ball 1-0: Swinging Strike 1-1: Called Strike 1-2: Strikes out swinging
|
|
Pitching: RHP Chase Schlong
|
|
|
Batting: SHB Soudai Abe
|
0-0: Foul Ball, location: 2F 0-1: Ball 1-1: Foul Ball, location: 2F 1-2: Strikes out swinging
|
| Top of the 10th over - 0 runs, 1 hit, 0 errors, 2 left on base; Durham 3 - Buffalo 3 |
| BOTTOM OF THE 10TH |
|
Buffalo Bisons batting - Pitching for Durham Bulls : LHP Frank Rodriguez
|
|
Pitching: RHP Eric Hudson
|
|
|
Batting: SHB Phuck
|
0-0: Ball 1-0: Swinging Strike 1-1: Ball 2-1: Foul Ball, location: 2F 2-2: Ball 3-2: SINGLE (Flyball, 8RS, EV 91.2 MPH)
|
|
Batting: RHB Alex Ramos
|
0-0: Called Strike Phuck steals 2nd base (no throw) 0-1: Called Strike 0-2: Ball 1-2: Foul Ball, location: 2F 1-2: Ground out 6-3 (Groundball, 6, EV 106.9 MPH)
|
|
Batting: LHB Josh Stuck
|
0-0: Intentional Walk
|
|
Batting: RHB Fraco Munoz
|
0-0: Called Strike 0-1: Called Strike 0-2: Ball 1-2: Strikes out swinging
|
|
Batting: RHB Greg Herzig
|
0-0: Ball 1-0: Ball 2-0: Called Strike 2-1: Foul Ball, location: 2F 2-2: Ball 3-2: Strikes out swinging
|
| Bottom of the 10th over - 0 runs, 1 hit, 0 errors, 2 left on base; Durham 3 - Buffalo 3 |
| TOP OF THE 11TH |
|
Durham Bulls batting - Pitching for Buffalo Bisons : RHP Chase Schlong
|
|
Batting: LHB Danny Hull
|
0-0: Ball 1-0: Foul Ball, location: 2F 1-1: Ball 2-1: Called Strike 2-2: Ball 3-2: Fly out, F5 (Popup, 25F, EV 90.6 MPH)
|
|
Batting: RHB Eugênio Asceno
|
0-0: Ball 1-0: Ball 2-0: Foul Ball, location: 2F 2-1: Ball 3-1: Called Strike 3-2: Foul Ball, location: 2F 3-2: Ground out 6-3 (Groundball, 6M, EV 105.6 MPH)
|
|
Batting: LHB Jeremy Burton
|
0-0: Ball 1-0: Called Strike 1-1: Foul Ball, location: 2F 1-2: Ball 2-2: Foul Ball, location: 2F 2-2: Hit by Pitch
|
|
Batting: LHB Brian Hollinger
|
0-0: Called Strike 0-1: Swinging Strike 0-2: Ball 1-2: Ball 2-2: Strikes out swinging
|
| Top of the 11th over - 0 runs, 0 hits, 0 errors, 1 left on base; Durham 3 - Buffalo 3 |
| BOTTOM OF THE 11TH |
|
Buffalo Bisons batting - Pitching for Durham Bulls : RHP Eric Hudson
|
|
Batting: RHB Danny Heyer
|
0-0: Ground out U3 (Groundball, 34, EV 88.8 MPH)
|
|
Batting: LHB Yoshinari Nara
|
0-0: Foul Ball, location: 2F 0-1: Foul Ball, location: 2F 0-2: Ball 1-2: Foul Ball, location: 2F 1-2: Ball 2-2: Ball 3-2: SINGLE (Groundball, P, EV 81.2 MPH) (infield hit)
|
|
Batting: LHB Tso-lin Fen
|
0-0: Called Strike Yoshinari Nara steals 2nd base 0-1: Fly out, F6 (Popup, 6MD, EV 53.1 MPH)
|
|
Batting: RHB John Loving
|
0-0: Called Strike 0-1: Ball 1-1: Ball 2-1: Swinging Strike 2-2: Foul Ball, location: 2F 2-2: Foul Ball, location: 2F 2-2: Strikes out swinging
|
| Bottom of the 11th over - 0 runs, 1 hit, 0 errors, 1 left on base; Durham 3 - Buffalo 3 |
| TOP OF THE 12TH |
|
Durham Bulls batting - Pitching for Buffalo Bisons : RHP Chase Schlong
|
|
Batting: LHB Angel Ruvalcaba
|
0-0: Called Strike 0-1: Swinging Strike 0-2: Ball 1-2: Ball 2-2: Ball 3-2: Foul Ball, location: 2F 3-2: Foul Ball, location: 2F 3-2: Fly out, F8 (Line Drive, 8LM, EV 90.0 MPH)
|
|
Pitching: LHP Josh Black
|
|
|
Batting: LHB Robin More
|
0-0: Fly out, F8 (Flyball, 89D, EV 83.1 MPH)
|
|
Batting: SHB Ben Pierce
|
0-0: Called Strike 0-1: Ball 1-1: Ball 2-1: Ground out 4-3 (Groundball, 4, EV 82.5 MPH)
|
| Top of the 12th over - 0 runs, 0 hits, 0 errors, 0 left on base; Durham 3 - Buffalo 3 |
| BOTTOM OF THE 12TH |
|
Buffalo Bisons batting - Pitching for Durham Bulls : RHP Eric Hudson
|
|
Pitching: RHP Luis Cubero
|
|
|
Batting: SHB Phuck
|
0-0: Ball 1-0: Ball 2-0: Ball 3-0: Base on Balls
|
|
Batting: RHB Alex Ramos
|
0-0: Ball Phuck steals 2nd base 1-0: DOUBLE (Line Drive, 7LM, EV 112.5 MPH) Phuck scores
|
| Bottom of the 12th over - 1 run, 1 hit, 0 errors, 0 left on base; Durham 3 - Buffalo 4 |
| |
|
Game Over ... Buffalo defeats Durham, 4 to 3
|
|
|